 Dungeon Crawl Stone Soup version 0.29.0 (webtiles) character file.

Game seed: 5946205323227248468

47 mezmerelda the Shield-Bearer (level 3, -1/46 HPs)
             Began as a Hill Orc Fighter on Sept 6, 2022.
             Succumbed to a scorpion's poison
             ... on level 4 of the Dungeon.
             The game lasted 00:10:00 (1302 turns).

mezmerelda the Shield-Bearer (Hill Orc Fighter)     Turns: 1302, Time: 00:10:01

Health: -1/46      AC: 21    Str: 20    XL:     3   Next: 70%
Magic:  3/3        EV:  2    Int:  8    God:
Gold:   104        SH:  4    Dex: 10    Spells: 2/2 levels left

rFire   . . .      SeeInvis .   b - +0 dagger (venom)
rCold   . . .      Faith    .   c - +0 buckler
rNeg    . . .      Spirit   .   (body armour currently unavailable)
rPois   +          Reflect  .   (helmet currently unavailable)
rElec   .          Harm     .   (cloak currently unavailable)
rCorr   .          Rampage  .   (gloves currently unavailable)
Will    .....      NoTele   +   (boots currently unavailable)
Stlth   +.........              (no amulet)
HPRegen 0.15/turn               (no ring)
MPRegen 0.08/turn               (no ring)

@: lethally poisoned (-1 -> -17), tree-form
A: stationary, stasis, torment immunity, boosted hp
a: no special abilities


You were on level 4 of the Dungeon.
You were a tree.
You visited 1 branch of the dungeon, and saw 4 of its levels.

You collected 104 gold pieces.

Inventory:

Hand Weapons
 a - a +3 sling
 b - a +0 dagger of venom (weapon)
 f - a +0 war axe
Missiles
 g - 7 poisoned darts
Armour
 c - a +0 buckler (worn)
 e - a +0 scale mail (melded)
 o - the +1 robe "Masapt" {Slay+5 Archmagi}
   (You found it on level 2 of the Dungeon)

   Slay:      It affects your accuracy & damage with ranged weapons and melee
   (+5).
   Archmagi:  It increases the power of your magical spells.
Scrolls
 d - a scroll of immolation {unknown}
 h - a scroll of fear {unknown}
 j - a scroll of amnesia {unknown}
 k - a scroll of magic mapping {unknown}
 m - 2 scrolls of teleportation {unknown}
 p - 2 scrolls of butterflies {unknown}
Potions
 i - 3 potions of lignification
 l - a potion of curing {unknown}
 n - a potion of heal wounds {unknown}


   Skills:
 - Level 3.6 Fighting
 + Level 3.7 Axes
 + Level 3.9 Armour
 + Level 3.9 Shields


You had 2 spell levels left.
You didn't know any spells.
Your spell library contained the following spells:

 Spells                   Type           Power      Damage    Failure   Level
 Beastly Appendage        Tmut           0%         N/A       50%         1
 Sandblast                Erth           0%         2d4       50%         1
 Passwall                 Tmut/Erth      0%         N/A       63%         2
 Wereblood                Tmut           0%         N/A       63%         2
 Frozen Ramparts          Ice            0%         1d1       86%         3
 Spider Form              Tmut/Pois      0%         N/A       86%         3
 Stone Arrow              Conj/Erth      0%         3d7       86%         3
 Ice Form                 Ice/Tmut       0%         N/A       99%         4
 Summon Ice Beast         Ice/Summ       0%         N/A       99%         4
 Chain Lightning          Conj/Air       0%         N/A       100%        9
 Fire Storm               Conj/Fire      0%         5d1       100%        9
 Shatter                  Erth           0%         3d5*      100%        9


Dungeon Overview and Level Annotations

Branches:
Dungeon (4/15)
 Temple: D:4-7

Altars:

Annotations:
D:3 Robin


Message History

You climb upwards.
Level annotation: Robin
There is a stone staircase leading down here.
You climb downwards.
There is a stone staircase leading up here.
You open the door.
There is an open door here.
Why would you want to do that?
A scorpion comes into view.
The scorpion attacks as you move away!
The scorpion stings you but does no damage.
You hit the scorpion.
The scorpion is poisoned.
The scorpion is lightly wounded.
You block the scorpion's attack. The scorpion attacks as you move away!
The scorpion stings you.
You are poisoned.
The scorpion poisons you!
You feel sick. The scorpion barely misses you.
You feel sick.
You barely miss the scorpion.
The scorpion is heavily wounded.
You feel sick. The scorpion stings you.
You are more poisoned.
The scorpion poisons you! The scorpion attacks as you move away!
The scorpion stings you.
You are more poisoned.
The scorpion poisons you!
You feel extremely sick. The scorpion attacks as you move away!
The scorpion stings you.
* * * LOW HITPOINT WARNING * * *
You feel very sick.
It was a potion of lignification.
You turn into a tree.
Your +0 scale mail melds into your body.
Your roots penetrate the ground.
* * * LOW HITPOINT WARNING * * *
You feel very sick.
The scorpion looks more healthy.
You block the scorpion's attack.
The scorpion stings you but does no damage.
You barely miss the scorpion.
The scorpion is almost dead.
You die...

#. #.##.##.# #
#.......#
####.#### #.#
#.# #.# ##.#
##########.#.#
#..<....♣s###.#
######'###.# ##
#≈≈≈≈≈## #.#
#....≈ ##
#....≈ #....≈
+#####


You could see a scorpion.

Vanquished Creatures
  A dart slug (D:1)
  3 endoplasms
  2 giant cockroaches (D:1)
  6 goblins
  7 hobgoblins
  4 jackals (D:2)
  4 ball pythons
  3 bats
  A frilled lizard (D:2)
  7 kobolds
  2 rats (D:1)
40 creatures vanquished.

Vanquished Creatures (others)
  A withered plant (D:1)
1 creature vanquished.

Grand Total: 41 creatures vanquished

Notes
Turn   | Place    | Note
-------+----------+-------------------------------------------
     0 | D:1      | mezmerelda the Hill Orc Fighter began the quest for the
                  | Orb.
     0 | D:1      | Reached XP level 1. HP: 19/19 MP: 1/1
    87 | D:1      | Reached XP level 2. HP: 26/26 MP: 2/2
   430 | D:1      | Reached XP level 3. HP: 31/31 MP: 3/3
   462 | D:1      | Found a faded altar of an unknown god.
   746 | D:3      | Noticed Robin
  1069 | D:2      | Identified the +1 robe "Masapt" {Slay+5 Archmagi}
  1284 | D:4      | Noticed a scorpion
  1302 | D:4      | Succumbed to a scorpion's poison

Illustrated notes

Levels and vault maps discovered:
D:1:      psy_arrival_dodecagon, layout_basic,
          ebering_ecumenical_altar_petrified, chequers_serial_rivers_micro_e
D:2:      layout_loops_corners
D:3:      layout_loops_ring, kennysheep_cluttered_room, uniq_natasha, uniq_robin
D:4:      layout_loops_ring, ashenzari_conservatory_becter,
          chequers_serial_rivers_room_a

Skill      XL: |  1 |
---------------+----+-----
Axes           | 3 |  3.7
Fighting       | |  3.6
Armour         | |  3.9
Shields        | |  3.9

Action                   || total
-------------------------++-------
Melee: War axe           ||     7
       Dagger            ||    69
 Fire: Sling             ||    20
  Use: Potion            ||     2
Armor: Scale mail        ||    27
       Skin              ||     1
Dodge: Dodged            ||    51
Block: Buckler           ||    19
